Map: Deathaura LE

Players

A.I. 2 (Very Easy)

  • Race: Protoss Protoss
  • Spawn Location: 5:00

Krystianer - Winner!

  • Race: Protoss Protoss
  • Spawn Location: 11:00

VOD

Have the link to the VOD?

Description

Time

  • Played on: Oct. 3, 2020, 3:07 p.m.
  • Length: 12:59
Show
View Real Time Build Order
Export as new Build Order

A.I. 2 (Very Easy) Protoss 

Build Orders: 1 Gate Expand, Nexus First 

Get SALT Encoding   

  12  0:00  Probe  
  13  0:13  Probe  
  14  0:20  Pylon  
  14  0:42  Gateway  
  14  1:00  Nexus  
  14  1:20  Pylon  
  14  1:21  Zealot  
  14  1:22  Assimilator  
  16  1:36  Cybernetics Core, Probe  
  17  1:48  Probe  
  18  1:59  Assimilator, Probe  
  19  2:06  Stalker  
  19  2:07  Probe  
  19  2:15  Probe  
  23  2:16  Warp Gate  
  23  2:20  Probe  
  24  2:29  Probe  
  25  2:36  Probe  
  26  2:49  Probe  
  27  2:51  Assimilator  
  27  2:54  Pylon  
  27  2:57  Probe  
  28  3:04  Probe  
  29  3:11  Probe  
  28  3:15  Zealot  
  28  3:16  Robotics Facility  
  28  3:18  Probe  
  26  3:33  Probe  
  23  3:40  Probe  
  24  3:48  Probe  
  25  3:55  Probe  
  26  3:59  Assimilator  
  26  4:01  Observer  
  26  4:02  Probe  
  27  4:09  Probe  
  29  4:16  Observer, Probe  
  30  4:23  Probe  
  32  4:31  Probe  
  33  4:32  Zealot  
  33  4:38  Probe  
  36  4:45  Probe  
  37  4:52  Probe  
  37  4:59  Probe  
  35  5:01  Stalker  
  35  5:07  Probe  
  38  5:11  Probe  
  39  5:16  Pylon  
  39  5:18  Probe  
  40  5:24  Probe  
  37  5:30  Zealot  
  37  5:31  Probe  
  41  5:43  Probe  
  40  5:50  Probe  
  41  5:57  Probe  
  41  5:59  Immortal  
  46  6:04  Probe  
  45  6:12  Probe  
  45  6:15  Probe  
  46  6:23  Probe  
  47  6:29  Probe  
  48  6:37  Probe  
  47  6:48  Probe  
  48  6:56  Probe  
  49  7:03  Probe  
  49  7:08  Sentry  
  52  7:10  Probe  
  53  7:16  Probe  
  54  7:23  Probe  
  54  7:27  Probe  
  54  7:29  Pylon  
  55  7:35  Probe  
  54  7:46  Probe  
  53  7:53  Probe  
  54  8:00  Probe  
  55  8:07  Probe  
  56  8:15  Probe  
  57  8:20  Probe  
  58  8:32  Probe  
  56  8:44  Probe  
  56  8:48  Probe  
  58  10:06  Probe  
  56  10:17  Probe  
  56  10:20  Probe  
  55  10:22  Warp Prism  
  55  10:27  Adept  
  58  10:30  Gateway  
  58  10:31  Probe  
  58  10:32  Robotics Bay  
  58  10:33  Stargate  
  58  10:34  Pylon  
  61  10:38  Probe  
  62  10:50  Warp Prism  
  62  10:53  Adept  
  66  11:06  Gravitic Boosters  
  66  11:17  Probe  
  66  11:18  Zealot  
  59  11:20  Gateway  
  59  11:24  Probe  
  60  11:26  Warp Prism  
  62  12:02  Observer  
  62  12:06  Sentry  
  46  12:23  Observer  
  46  12:26  Probe  
  46  12:28  Pylon  
  25  12:31  Stalker  
  22  12:39  Pylon  
  22  12:41  Robotics Bay  
Show
View Real Time Build Order
Export as new Build Order

Krystianer Protoss - Winner!

Build Orders: Phoenix Opening, Carriers 

Get SALT Encoding   

  12  0:00  Probe  
  13  0:12  Probe  
  14  0:17  Pylon  
  14  0:24  Probe (Chrono Boost)  
  16  0:36  Probe (Chrono Boost)  
  16  0:37  Gateway  
  16  0:43  Probe (Chrono Boost)  
  16  0:46  Assimilator  
  17  0:51  Probe  
  17  0:54  Assimilator  
  18  1:03  Probe (Chrono Boost)  
  19  1:07  Gateway  
  19  1:12  Probe (Chrono Boost)  
  19  1:17  Probe (Chrono Boost)  
  20  1:25  Cybernetics Core  
  21  1:29  Probe  
  22  1:34  Pylon  
  22  1:41  Probe  
  23  1:53  Probe  
  24  2:01  Adept x2, Warp Gate  
  28  2:12  Pylon  
  28  2:15  Stargate  
  28  2:36  Nexus  
  28  2:48  Probe (Chrono Boost)  
  29  2:58  Phoenix (Chrono Boost), Probe (Chrono Boost)  
  30  3:03  Probe (Chrono Boost)  
  33  3:15  Probe  
  33  3:18  Stalker  
  36  3:20  Phoenix (Chrono Boost)  
  38  3:28  Probe  
  39  3:48  Phoenix, Probe (Chrono Boost)  
  42  3:54  Probe (Chrono Boost)  
  43  3:58  Probe (Chrono Boost)  
  43  4:01  Probe (Chrono Boost)  
  45  4:03  Probe (Chrono Boost)  
  46  4:12  Assimilator, Robotics Facility  
  46  4:13  Phoenix  
  46  4:14  Assimilator  
  46  4:15  Probe (Chrono Boost)  
  46  4:16  Probe (Chrono Boost)  
  50  4:21  Shield Battery  
  51  4:25  Probe (Chrono Boost)  
  51  4:27  Probe (Chrono Boost)  
  51  4:29  Probe (Chrono Boost)  
  52  4:35  Pylon  
  52  4:36  Probe  
  54  4:45  Pylon  
  54  4:53  Phoenix, Probe x2  
  54  4:56  Immortal (Chrono Boost)  
  62  5:04  Sentry  
  62  5:05  Stalker, Probe x2  
  68  5:18  Pylon, Probe x2  
  70  5:33  Immortal (Chrono Boost)  
  70  5:36  Pylon  
  70  5:41  Pylon  
  74  5:48  Nexus  
  74  5:52  Probe x2  
  76  5:57  Stargate  
  76  5:59  Stargate  
  76  6:00  Pylon  
  76  6:05  Immortal (Chrono Boost)  
  76  6:07  Probe x2  
  82  6:17  Fleet Beacon  
  82  6:19  Probe  
  82  6:20  Probe  
  84  6:30  Shield Battery  
  84  6:31  Probe  
  84  6:32  Probe  
  86  6:38  Immortal (Chrono Boost)  
  90  6:44  Probe x2 (Chrono Boost)  
  92  6:51  Assimilator  
  92  6:56  Pylon  
  92  6:57  Assimilator, Probe (Chrono Boost)  
  95  7:01  Protoss Air Weapons Level 1, Probe (Chrono Boost)  
  95  7:02  Probe (Chrono Boost)  
  95  7:06  Probe (Chrono Boost)  
  98  7:09  Probe (Chrono Boost)  
  98  7:11  Probe (Chrono Boost)  
  98  7:14  Observer  
  100  7:17  Carrier (Chrono Boost)  
  111  7:26  Carrier (Chrono Boost)  
  117  7:33  Carrier (Chrono Boost)  
  117  7:36  Pylon  
  117  7:38  Pylon  
  117  7:39  Probe x3  
  120  7:51  Probe  
  121  7:55  Probe  
  121  7:56  Probe  
  123  8:14  Carrier (Chrono Boost)  
  135  8:20  Carrier (Chrono Boost)  
  135  8:24  Gateway  
  135  8:26  Gateway  
  141  8:31  Pylon, Carrier (Chrono Boost)  
  141  8:33  Pylon  
  141  8:34  Pylon  
  141  8:45  Cybernetics Core  
  141  8:49  Probe  
  141  8:50  Nexus  
  141  8:51  Pylon  
  141  8:54  Probe x2  
  144  9:05  Pylon  
  144  9:06  Assimilator  
  144  9:07  Probe  
  144  9:08  Probe  
  144  9:09  Assimilator  
  152  9:10  Carrier (Chrono Boost)  
  152  9:11  Probe  
  152  9:16  Stargate  
  153  9:19  Probe  
  153  9:23  Protoss Air Weapons Level 2  
  160  9:29  Probe x2  
  162  9:31  Carrier (Chrono Boost)  
  162  9:41  Protoss Air Armor Level 1  
  168  9:46  Pylon, Carrier (Chrono Boost)  
  168  9:47  Observer  
  175  10:00  Carrier (Chrono Boost)  
  181  10:07  Carrier (Chrono Boost)  
  187  10:28  Mothership (Chrono Boost)  
  187  10:31  Carrier (Chrono Boost)  
  195  10:37  Nexus  
  195  10:38  Pylon  
  195  10:41  Pylon  
  194  10:43  Pylon  
  200  10:59  Carrier (Chrono Boost)  
  200  11:23  Forge  
  200  11:29  Observer  
  200  11:32  Assimilator  
  200  11:33  Assimilator  
  200  11:34  Gateway  
  200  11:35  Gateway  
  200  11:37  Gateway  
  200  11:40  Gateway  
  200  11:48  Twilight Council  
Tags
 
Add a new tag
Caveats
  • Supply blocks, unpowered buildings, or Contaminate may cause inaccurate times.
  • Supply counts are checked every 10 seconds.